 Dungeon Crawl Stone Soup version 0.24.0-37-gcf1ca852f1 (webtiles) character file.

Game seed: 18063380365188351555, levelgen mode: deterministic

9590 FishyPogo the Martial Artist (level 11, 0/83 HPs)
             Began as a Gnoll Transmuter on Nov 24, 2019.
             Was a High Priest of Okawaru.
             Slain by a red ugly thing (11 damage)
             ... in a Gauntlet.
             The game lasted 01:00:27 (10050 turns).

FishyPogo the Martial Artist (Gnoll Transmuter)    Turns: 10050, Time: 01:00:28

Health: 0/83       AC:  2    Str: 12 (16) XL:     11   Next: 48%
Magic:  17/23      EV: 28    Int: 19 (20) God:    Okawaru [*****.]
Gold:   738        SH:  0    Dex: 20 (22) Spells: 10/26 levels left

rFire    + . .     SeeInvis .     - Unarmed
rCold    + . .     Gourm    .   (shield currently unavailable)
rNeg     + . .     Faith    .   (armour currently unavailable)
rPois    .         Spirit   .   (helmet currently unavailable)
rElec    +         Reflect  .   (cloak currently unavailable)
rCorr    +         Harm     .   (gloves currently unavailable)
MR       .....     NoTele   +   (boots currently unavailable)
Stlth    ++++......             (no amulet)
HPRegen  1.23/turn              l - +4 ring of intelligence
MPRegen  0.18/turn              r - ring "Ceusob" {+Inv rPois rN+}

@: spider-form (expiring), resistant, regenerating
A: tiny, distributed training, deterioration 1, strong 1, strong nose
a: End Transformation, Heroism, Finesse, Renounce Religion, Evoke Invisibility


You were in a Gauntlet.
You worshipped Okawaru.
Okawaru was extremely pleased with you.
You were near starving.
You were a venomous arachnid creature.
You visited 1 branch of the dungeon, and saw 11 of its levels.
You also visited: Sewer and Gauntlet.

You collected 738 gold pieces.

Inventory:

Hand Weapons
 a - a +4 dagger of venom (melded)
 F - a +1 dagger of venom
 L - a +3 long sword
Missiles
 c - 307 stones (quivered)
 i - 3 poisoned darts
 s - 4 boomerangs
Armour
 j - a +2 leather armour of poison resistance
 v - the +2 ring mail "Quqobuosk" (melded) {MR++ Regen+}
   (You found it on level 7 of the Dungeon)

   It affects your resistance to hostile enchantments.
   It increases your rate of regeneration.
 N - a +1 cloak (melded)
 O - the +2 pair of gloves of the Past (melded) {rC+ MR+ Regen+ Dex+2}
   (You found it on level 10 of the Dungeon)

   It affects your dexterity (+2).
   It protects you from cold.
   It affects your resistance to hostile enchantments.
   It increases your rate of regeneration.
Jewellery
 l - a +4 ring of intelligence (left front leg)
 q - an uncursed ring of magical power
 r - the ring "Ceusob" (right front leg) {+Inv rPois rN+}
   (You found it in a Gauntlet)

   [ring of positive energy]

   It protects you from poison.
   It protects you from negative energy.
   It lets you turn invisible.
 x - an uncursed ring of flight
 C - an uncursed ring of protection from cold
 E - a +3 ring of strength
Wands
 p - a wand of enslavement (10)
 G - a wand of random effects (27)
 I - a wand of acid (8)
Scrolls
 e - a scroll of fear
 f - a scroll of magic mapping
 h - 4 scrolls of teleportation
 k - a scroll of enchant weapon {unknown}
 o - 6 scrolls of identify
 u - 4 scrolls of blinking
 w - a scroll of enchant armour {unknown}
 y - 4 scrolls of amnesia
 z - 9 scrolls of remove curse
 A - 2 scrolls of random uselessness {unknown}
Potions
 g - 2 potions of flight
 m - 3 potions of curing
 n - 2 potions of cancellation
 B - a potion of magic
 D - 2 potions of lignification
 J - a potion of mutation
 K - 2 potions of agility {unknown}
Comestibles
 d - 27 rations


   Skills:
 + Level 6.8 Fighting
 + Level 6.2 Short Blades
 + Level 6.2 Long Blades
 + Level 6.2 Axes
 + Level 6.2 Maces & Flails
 + Level 6.2 Polearms
 + Level 6.2 Staves
 + Level 6.2 Slings
 + Level 6.2 Bows
 + Level 6.2 Crossbows
 + Level 6.2 Throwing
 + Level 6.2 Armour
 + Level 7.8 Dodging
 + Level 6.2 Stealth
 + Level 6.2 Shields
 + Level 9.1 Unarmed Combat
 + Level 8.1 Spellcasting
 + Level 5.1 Conjurations
 + Level 5.1 Hexes
 + Level 5.1 Charms
 + Level 5.1 Summonings
 + Level 5.1 Necromancy
 + Level 5.1 Translocations
 + Level 6.5 Transmutations
 + Level 5.1 Fire Magic
 + Level 5.1 Ice Magic
 + Level 5.1 Air Magic
 + Level 5.1 Earth Magic
 + Level 5.1 Poison Magic
 + Level 6.8 Invocations
 + Level 6.2 Evocations


You had 10 spell levels left.
You knew the following spells:

 Your Spells              Type           Power        Failure   Level  Hunger
h - Regeneration          Chrm/Necr      ####......   11%         3    None
j - Conjure Flame         Conj/Fire      ####....     11%         3    None
n - Tukima's Dance        Hex            ####....     11%         3    None
p - Mephitic Cloud        Conj/Pois/Air  ####....     11%         3    None
u - Spider Form           Tmut/Pois      ####......   10%         3    None
y - Beastly Appendage     Tmut           ####..       4%          1    None

Your spell library contained the following spells:

 Spells                   Type           Power        Failure   Level  Hunger
 Sticks to Snakes         Tmut           ####....     4%          2    None
 Animate Skeleton         Necr           N/A          5%          1    None
 Apportation              Tloc           ####..       5%          1    None
 Magic Dart               Conj           ####         5%          1    None
 Pain                     Necr           ####         5%          1    None
 Summon Butterflies       Summ           ####....     5%          1    None
 Blink                    Tloc           N/A          7%          2    None
 Call Imp                 Summ           ####....     7%          2    None
 Slow                     Hex            ####....     7%          2    None
 Lesser Beckoning         Tloc           ####......   11%         3    None
 Vampiric Draining        Necr           ####......   11%         3    None
 Ice Form                 Ice/Tmut       ####....     22%         4    ###....
 Petrify                  Tmut/Erth      ####....     22%         4    ###....
 Animate Dead             Necr           N/A          26%         4    ###....
 Blade Hands              Tmut           ####......   36%         5    #####..
 Alistair's Intoxication  Tmut/Pois      ####....     43%         5    #####..
 Invisibility             Hex            ####....     95%         6    ######.
 Shatter                  Erth           ####......   100%        9    #######


Dungeon Overview and Level Annotations

Branches:
Dungeon (11/15)            Temple (0/1) D:5            Lair (0/6) D:9
    Orc (0/2) D:9           Sewer (visited)         Gauntlet (1/1)

Altars:
Ashenzari
Cheibriados
Dithmenos
Elyvilon
Fedhas
Gozag
Hepliaklqana
Nemelex Xobeh
Okawaru
Ru
Sif Muna
Trog
Vehumet
Xom
Yredelemnul
Zin

Shops:
D:10 =

Annotations:
Gauntlet 7 transporters


Innate Abilities, Weirdness & Mutations

Your experience applies equally to all skills.
((You have very sharp teeth.))
Your uncanny sense of smell can sniff out nearby items.
Your body sometimes deteriorates upon taking damage.
Your muscles are strong. (Str +2)


Message History

You closely miss the red ugly thing.
The red ugly thing is heavily wounded.
The great orb of eyes completely misses you.
The red ugly thing tentacle-slaps you!
Your body deteriorates!
You feel weakened.
You are engulfed in flames!
You resist.
You barely miss the red ugly thing.
The red ugly thing is heavily wounded.
You are near starving!
The great orb of eyes closely misses you.
The red ugly thing tentacle-slaps you.
* * * LOW HITPOINT WARNING * * *
You are engulfed in flames!
You resist.
* * * LOW HITPOINT WARNING * * *
You feel better. The great orb of eyes misses you.
The red ugly thing tentacle-slaps you!
* * * LOW HITPOINT WARNING * * *
Your body deteriorates!
You feel weakened.
You are engulfed in flames!
You resist.
You die...

........................≈#
..#########...#########.##
8.#.......#.8.#...#...#.≈##
..#.......#...#.#.#.#.#.≈≈#
#######)#######.#.#.#!#.≈## ..
.©#©...'.©#©.©#.##©##©#.## 8.#
8.#.##.'###.8.#.#.#.#$#..##...#
..#.##.#..#...#G#u#.#"#...#.8..
8.#....#..#.8.#.s.#.P.#.∩.#...#
..#########...#########...#.©.#
8.........#.8.....#.....8.#....
..#########...#########...#.©.#
8.#w##...w#.8.#2455...#.∩.#...#
..#w.##..##...#.##...=#...#.8..
8.#...#.###.8.#.#.##..#..##...#
.©#.##.##©#©.©#.#.©#.©#.## 8.#
#####.#...#####.##..#)#.≈## ..


You could see a great orb of eyes, a red ugly thing, a blizzard demon, an ice
devil, a swamp worm and 2 white imps.

Vanquished Creatures
  A wizard (Gauntlet)
  A gargoyle (D:10)
  Grinder (D:5)
  A troll (D:10)
  A hippogriff (D:7)
  10 yaks
  A wyvern (D:10)
  A hungry ghost (D:9)
  Grum (D:9)
  A steam dragon (D:9)
  4 water moccasins (D:9)
  4 black bears
  2 orc warriors
  An eye of draining (D:7)
  A sky beast (D:9)
  8 ogres
  2 phantoms
  3 wolves (D:9)
  5 centaurs
  A crocodile (D:9)
  2 big kobolds
  11 bullfrogs
  A wyvern skeleton (D:8)
  4 scorpions
  A killer bee (D:9)
  4 wights (D:8)
  3 howler monkeys
  6 crimson imps
  A quasit (D:9)
  2 centaur zombies
  6 hounds
  10 orc priests
  Crazy Yiuf (D:5)
  4 jellies (D:10)
  A centaur skeleton (D:8)
  Jessica (D:2)
  6 iguanas
  11 orc wizards
  10 worker ants
  A killer bee zombie (D:7)
  A hound zombie (D:4)
  4 hound skeletons
  9 adders
  A gnoll zombie (D:9)
  A howler monkey skeleton (D:10)
  An orc zombie (D:9)
  3 river rats (Sewer)
  2 shadow imps
  A white imp (D:5)
  9 oozes
  3 adder skeletons
  4 worms
  4 dart slugs
  5 leopard geckos
  63 orcs
  6 giant cockroaches
  7 hobgoblins
  7 jackals
  15 kobolds
  2 quokkas
  5 ball pythons
  9 bats
  7 frilled lizards
  A giant cockroach zombie (D:4)
  5 goblins
  2 jackal zombies
  A leopard gecko skeleton (D:7)
  2 leopard gecko zombies
  A quokka skeleton (D:4)
  A quokka zombie (D:7)
  7 rats
325 creatures vanquished.

Vanquished Creatures (others)
  10 fungi (D:9)
  5 plants
15 creatures vanquished.

Grand Total: 340 creatures vanquished

Notes
Turn   | Place    | Note
-------+----------+-------------------------------------------
     0 | D:1      | FishyPogo the Gnoll Transmuter began the quest for the Orb.
     0 | D:1      | Reached XP level 1. HP: 17/17 MP: 6/6
   193 | D:1      | Reached XP level 2. HP: 23/23 MP: 5/7
   448 | D:1      | Reached XP level 3. HP: 12/28 MP: 7/9
   465 | D:1      | Reached skill level 5 in Spellcasting
   516 | D:1      | Learned a level 3 spell: Spider Form
  1054 | D:2      | Noticed Jessica
  1061 | D:2      | Killed Jessica
  1061 | D:2      | Reached skill level 1 in Short Blades
  1061 | D:2      | Reached skill level 1 in Long Blades
  1061 | D:2      | Reached skill level 1 in Axes
  1061 | D:2      | Reached skill level 1 in Maces & Flails
  1061 | D:2      | Reached skill level 1 in Polearms
  1061 | D:2      | Reached skill level 1 in Staves
  1061 | D:2      | Reached skill level 1 in Slings
  1061 | D:2      | Reached skill level 1 in Bows
  1061 | D:2      | Reached skill level 1 in Crossbows
  1061 | D:2      | Reached skill level 1 in Throwing
  1061 | D:2      | Reached skill level 1 in Armour
  1061 | D:2      | Reached skill level 1 in Stealth
  1061 | D:2      | Reached skill level 1 in Shields
  1061 | D:2      | Reached skill level 1 in Invocations
  1061 | D:2      | Reached skill level 1 in Evocations
  1061 | D:2      | Reached XP level 4. HP: 29/34 MP: 7/11
  1646 | D:3      | Reached skill level 1 in Conjurations
  1646 | D:3      | Reached skill level 1 in Hexes
  1646 | D:3      | Reached skill level 1 in Charms
  1646 | D:3      | Reached skill level 1 in Summonings
  1646 | D:3      | Reached skill level 1 in Necromancy
  1646 | D:3      | Reached skill level 1 in Translocations
  1646 | D:3      | Reached skill level 1 in Fire Magic
  1646 | D:3      | Reached skill level 1 in Ice Magic
  1646 | D:3      | Reached skill level 1 in Air Magic
  1646 | D:3      | Reached skill level 1 in Earth Magic
  1646 | D:3      | Reached skill level 1 in Poison Magic
  1829 | D:3      | Found a glowing drain.
  1834 | D:3      | Reached XP level 5. HP: 37/40 MP: 12/12
  1850 | Sewer    | Entered a sewer
  1957 | Sewer    | Noticed a big kobold
  1981 | Sewer    | Killed a big kobold
  2176 | Sewer    | Found a white marble altar of Elyvilon.
  2454 | D:3      | Reached XP level 6. HP: 46/47 MP: 13/13
  2816 | D:4      | Found a snail-covered altar of Cheibriados.
  2819 | D:4      | Found a blossoming altar of Fedhas.
  2823 | D:4      | Found an iron altar of Okawaru.
  2824 | D:4      | Found a shattered altar of Ashenzari.
  2824 | D:4      | Found a shimmering altar of Xom.
  2824 | D:4      | Found a shadowy altar of Dithmenos.
  2827 | D:4      | Became a worshipper of Warmaster Okawaru
  2829 | D:4      | Found a basalt altar of Yredelemnul.
  2831 | D:4      | Found a shimmering blue altar of Sif Muna.
  2833 | D:4      | Found a hazy altar of Hepliaklqana.
  2948 | D:4      | Reached skill level 5 in Dodging
  3417 | D:4      | Found an opulent altar of Gozag.
  3422 | D:4      | Found a radiant altar of Vehumet.
  3591 | D:5      | Entered Level 5 of the Dungeon
  3626 | D:5      | Reached XP level 7. HP: 50/52 MP: 15/15
  3654 | D:5      | Reached skill level 7 in Unarmed Combat
  3680 | D:5      | Reached * piety under Okawaru
  3749 | D:5      | Found a staircase to the Ecumenical Temple.
  3786 | D:5      | Gained mutation: Your body sometimes deteriorates upon
                  | taking damage. [potion of mutation]
  3786 | D:5      | Gained mutation: Your muscles are strong. (Str +2) [potion
                  | of mutation]
  4029 | D:5      | Learned a level 3 spell: Regeneration
  4065 | D:5      | Found a sparkling altar of Nemelex Xobeh.
  4106 | D:5      | Reached XP level 8. HP: 60/60 MP: 14/16
  4258 | D:5      | Found a runed translucent door.
  4261 | D:5      | Noticed Crazy Yiuf
  4269 | D:5      | Killed Crazy Yiuf
  4303 | D:5      | Noticed Grinder
  4305 | D:5      | Paralysed by Grinder for 7 turns
  4608 | D:5      | Reached ** piety under Okawaru
  4927 | D:6      | Found a white marble altar of Elyvilon.
  5002 | D:6      | Noticed a yak
  5012 | D:6      | Noticed a yak
  5013 | D:6      | Noticed a yak
  5014 | D:6      | Noticed a yak
  5018 | D:6      | Noticed a yak
  5023 | D:6      | Killed a yak
  5039 | D:6      | Killed a yak
  5051 | D:6      | Killed a yak
  5051 | D:6      | Reached XP level 9. HP: 49/66 MP: 16/18
  5069 | D:6      | Reached skill level 5 in Transmutations
  5073 | D:6      | Reached *** piety under Okawaru
  5457 | D:6      | Found a glowing silver altar of Zin.
  5623 | D:7      | Found a sacrificial altar of Ru.
  5643 | D:6      | Learned a level 3 spell: Mephitic Cloud
  5647 | D:6      | Learned a level 3 spell: Conjure Flame
  5773 | D:5      | Killed Grinder
  5773 | D:5      | Reached skill level 5 in Fighting
  5857 | D:7      | Got an encrusted ring mail
  5869 | D:7      | Identified the +2 ring mail "Quqobuosk" {MR++ Regen+} (You
                  | found it on level 7 of the Dungeon)
  5892 | D:7      | Reached skill level 8 in Unarmed Combat
  5930 | D:7      | Learned a level 3 spell: Tukima's Dance
  6133 | D:7      | Reached skill level 5 in Invocations
  6183 | D:7      | Reached **** piety under Okawaru
  6408 | D:7      | Found a bloodstained altar of Trog.
  6416 | D:7      | Reached XP level 10. HP: 74/74 MP: 6/20
  6891 | D:8      | Reached skill level 5 in Short Blades
  6891 | D:8      | Reached skill level 5 in Long Blades
  6891 | D:8      | Reached skill level 5 in Axes
  6891 | D:8      | Reached skill level 5 in Maces & Flails
  6891 | D:8      | Reached skill level 5 in Polearms
  6891 | D:8      | Reached skill level 5 in Staves
  6891 | D:8      | Reached skill level 5 in Slings
  6891 | D:8      | Reached skill level 5 in Bows
  6891 | D:8      | Reached skill level 5 in Crossbows
  6891 | D:8      | Reached skill level 5 in Throwing
  6891 | D:8      | Reached skill level 5 in Armour
  6891 | D:8      | Reached skill level 5 in Stealth
  6891 | D:8      | Reached skill level 5 in Shields
  6891 | D:8      | Reached skill level 5 in Evocations
  7400 | D:9      | Found a staircase to the Lair.
  7586 | D:9      | Found a staircase to the Orcish Mines.
  7818 | D:9      | Reached ***** piety under Okawaru
  8028 | D:9      | Noticed Grum
  8037 | D:9      | Killed Grum
  8053 | D:9      | Reached XP level 11. HP: 75/82 MP: 18/22
  8109 | D:9      | Received a gift from Okawaru
  8429 | D:9      | Found a transporter.
  8511 | D:9      | Found a transporter.
  8610 | D:9      | Got a slimy cloak
  8627 | D:9      | Identified the +0 cloak of Nexyix {Int+2} (You found it on
                  | level 9 of the Dungeon)
  8837 | D:10     | Entered Level 10 of the Dungeon
  8871 | D:10     | Got a pair of spiked gloves
  8900 | D:10     | Identified the +2 pair of gloves of the Past {rC+ MR+
                  | Regen+ Dex+2} (You found it on level 10 of the Dungeon)
  8992 | D:10     | Reached skill level 9 in Unarmed Combat
  9014 | D:10     | Reached skill level 5 in Conjurations
  9014 | D:10     | Reached skill level 5 in Hexes
  9014 | D:10     | Reached skill level 5 in Charms
  9014 | D:10     | Reached skill level 5 in Summonings
  9014 | D:10     | Reached skill level 5 in Necromancy
  9014 | D:10     | Reached skill level 5 in Translocations
  9014 | D:10     | Reached skill level 5 in Fire Magic
  9014 | D:10     | Reached skill level 5 in Ice Magic
  9014 | D:10     | Reached skill level 5 in Air Magic
  9014 | D:10     | Reached skill level 5 in Earth Magic
  9014 | D:10     | Reached skill level 5 in Poison Magic
  9222 | D:10     | Received a gift from Okawaru
  9328 | D:10     | Found Huomapad's Jewellery Shop.
  9608 | D:11     | Found a gate leading to a gauntlet.
  9789 | Gauntlet | Entered a Gauntlet
  9789 | Gauntlet | Found a transporter.
  9789 | Gauntlet | Found a transporter.
  9791 | Gauntlet | Found a transporter.
  9791 | Gauntlet | Found a transporter.
  9795 | Gauntlet | Found a transporter.
  9795 | Gauntlet | Found a transporter.
  9827 | Gauntlet | Found a transporter.
  9831 | Gauntlet | Found a transporter.
  9843 | Gauntlet | Found a transporter.
  9858 | Gauntlet | Noticed a blizzard demon
  9865 | Gauntlet | Found a transporter.
  9868 | Gauntlet | Noticed a great orb of eyes
  9877 | Gauntlet | Noticed a red ugly thing
  9879 | Gauntlet | Found a transporter.
  9883 | Gauntlet | Found a transporter.
  9885 | Gauntlet | Noticed a wizard
  9885 | Gauntlet | Found a runed translucent gate.
  9885 | Gauntlet | Found a runed translucent gate.
  9885 | Gauntlet | Found a runed translucent gate.
  9954 | Gauntlet | Identified the Guide on Shifting Earth
  9979 | Gauntlet | Killed a wizard
  9989 | Gauntlet | Got a smoking marble ring
  9991 | Gauntlet | Identified the ring "Ceusob" {+Inv rPois rN+} (You found it
                  | in a Gauntlet)
 10050 | Gauntlet | Slain by a red ugly thing

Levels and vault maps discovered:
D:1:      lightli_arrival_windingriver, layout_basic
D:2:      layout_loops_ring, uniq_jessica
D:3:      layout_loops_ring, gup_sewer_entry_bubbles, first_ration
D:4:      layout_rooms, minitemple, chequers_temple_overflow_statue_of_worship,
          serial_undead, serial_undead_a, serial_undead_f, serial_undead_a,
          serial_undead_e
D:5:      layout_loops_ring, kennysheep_mini_moat,
          minmay_temple_entry_gardened_gates, minmay_fire_ice_demons,
          uniq_crazy_yiuf_cottage, uniq_grinder
D:6:      layout_loops_cross, marbit_many_paths, elyvilon_altar_5
D:7:      layout_loops_cross, trog_eyes_of_draining, nicolae_ru_awakened_eye
D:8:      layout_gridville
D:9:      gammafunk_cloud_chamber, layout_cave_pods,
          due_lair_maze_entry_diamond, hiddenorc2_lemuel, uniq_grum
D:10:     layout_rooms, serial_shops, nicolae_shop_waterfront,
          hangedman_little_slice_of_home, hangedman_abyss_or_decor_clamps,
          kennysheep_nub, palyth_stone_intersect
D:11:     layout_loops_ring, gammafunk_ghost_hydra_chop, gauntlet_entry_generic
Gauntlet: minmay_gauntlet_77_indecision [minmay_gauntlet_arena_77_squiggly,
          minmay_gauntlet_arena_77_radiant_squares,
          minmay_gauntlet_arena_77_run_for_it, minmay_gauntlet_arena_77_fan,
          minmay_gauntlet_arena_77_two_paths,
          minmay_gauntlet_arena_77_hold_the_fort, gauntlet_exit_green]

Skill      XL: |  1  2  3  4  5  6  7  8  9 10 11 |
---------------+----------------------------------+-----
Spellcasting   | 5 6 7 8 |  8.1
Short Blades   | 1 2 3 4 5 6 |  6.2
Long Blades    | 1 2 3 4 5 6 |  6.2
Axes           | 1 2 3 4 5 6 |  6.2
Maces & Flails | 1 2 3 4 5 6 |  6.2
Polearms       | 1 2 3 4 5 6 |  6.2
Staves         | 1 2 3 4 5 6 |  6.2
Slings         | 1 2 3 4 5 6 |  6.2
Bows           | 1 2 3 4 5 6 |  6.2
Crossbows      | 1 2 3 4 5 6 |  6.2
Throwing       | 1 2 3 4 5 6 |  6.2
Armour         | 1 2 3 4 5 6 |  6.2
Stealth        | 1 2 3 4 5 6 |  6.2
Shields        | 1 2 3 4 5 6 |  6.2
Invocations    | 1 2 3 4 5 6 |  6.8
Evocations     | 1 2 3 4 5 6 |  6.2
Conjurations   | 1 2 3 4 5 |  5.1
Hexes          | 1 2 3 4 5 |  5.1
Charms         | 1 2 3 4 5 |  5.1
Summonings     | 1 2 3 4 5 |  5.1
Necromancy     | 1 2 3 4 5 |  5.1
Translocations | 1 2 3 4 5 |  5.1
Fire Magic     | 1 2 3 4 5 |  5.1
Ice Magic      | 1 2 3 4 5 |  5.1
Air Magic      | 1 2 3 4 5 |  5.1
Earth Magic    | 1 2 3 4 5 |  5.1
Poison Magic   | 1 2 3 4 5 |  5.1
Fighting       | 3 4 5 6 |  6.8
Transmutations | 4 5 6 |  6.5
Dodging        | 5 6 7 |  7.8
Unarmed Combat | 7 8 9 |  9.1

Action                   |  1- 3 |  4- 6 |  7- 9 | 10-12 || total
-------------------------+-------+-------+-------+-------++-------
Melee: Whip              |    41 |   127 |    47 |       ||   215
       Unarmed           |    11 |    60 |   113 |   209 ||   393
       Bite              |     5 |    10 |    20 |    52 ||    87
       Kick              |     6 |    10 |    24 |    40 ||    80
       Headbutt          |     4 |     5 |    14 |    35 ||    58
       Punch             |       |     2 |       |    10 ||    12
       Quarterstaff      |       |       |   116 |    61 ||   177
       Dagger            |       |       |       |   260 ||   260
Throw: Stone             |       |     6 |       |     2 ||     8
       Boomerang         |       |       |     8 |    18 ||    26
 Cast: Beastly Appendage |    16 |    11 |    27 |    20 ||    74
       Spider Form       |     4 |     8 |    13 |    27 ||    52
       Mephitic Cloud    |       |       |       |    13 ||    13
       Regeneration      |       |       |       |     2 ||     2
 Abil: End Transformatio |       |       |     2 |     3 ||     5
  Use: Scroll            |       |     7 |     2 |     5 ||    14
       Potion            |       |     2 |     3 |     9 ||    14
 Stab: Sleeping          |     3 |     2 |     6 |     5 ||    16
       Paralysed         |       |       |     3 |     2 ||     5
       Confused          |       |       |     1 |     7 ||     8
       Petrifying        |       |       |       |     1 ||     1
  Eat: Chunk             |     1 |     7 |    11 |    13 ||    32
Armor: Robe              |     5 |    18 |       |       ||    23
       Skin              |       |     2 |    10 |     8 ||    20
       Leather armour    |       |     1 |    37 |    21 ||    59
       Ring mail         |       |       |     9 |    45 ||    54
Dodge: Dodged            |    29 |   140 |   231 |   346 ||   746
